Ice Hogs vs Americans

Created - Monday, February 08, 2016 at 02:25

Goals
1 2 3 OT1 SO T
Ice Hogs 1 0 0 0 1 2
Americans 1 0 0 0 0 1
Shots
1 2 3 OT1 SO T
Ice Hogs 18 2 4 4 3 28
Americans 15 6 10 0 3 31

1st period

1. Ice Hogs , J.T. Miller 34 (Tim Schaller, Matt Fraser) at 7:14 (PP)
2. Americans , Nick Drazenovic 7 (Grant Clitsome) at 8:56

Penalties :
Chris Breen (RCH) for High sticking (Minor) at 6:49

2nd period

No Goal

Penalties :
Jean-Philippe Cote (RIH) for Hooking (Minor) at 5:58, Justin Hodgman (RCH) for Holding (Minor) at 18:29

3rd period

No Goal

Penalties :
Tim Jackman (RCH) for Holding (Minor) at 18:47

Overtime #1

No Goal

Penalties :
No Penalty

Shootout

Penalty Shot by Travis Morin for Ice Hogs - Shot Misses the Net
Penalty Shot by Spencer Abbott for Americans - Shot Misses the Net
Penalty Shot by Colin McDonald for Ice Hogs - Stopped by Jason LaBarbera
Penalty Shot by Nick Drazenovic for Americans - Shot Misses the Net
Penalty Shot by J.T. Miller for Ice Hogs - Goal!
Penalty Shot by Nick Cousins for Americans - Stopped by Yann Danis

Penalties :
No Penalty

Goalie Stats

Yann Danis (RIH), 30 saves from 31 shots - (0.968), W, 40-10-11, 65:00 minutes
Jason LaBarbera (RCH), 27 saves from 28 shots - (0.964), OTL, 22-2-7, 65:00 minutes

Players Stats for Ice Hogs

Player Name              G  A  P  +/- PIM S  H  SB GA TA FO     MP     PP MP  PK MP  
------------------------------------------------------------------------------------
Anton Volchenkov         0  0  0   0  0   0  0  1  0  0  0/0     0:53   0:00   0:00 
Colin McDonald           0  0  0   0  0   2  2  1  5  0  2/3    18:45   1:48   0:56 
Derek Hulak              0  0  0   0  0   0  1  0  1  3  0/0    13:12   0:00   0:00 
Frank Corrado            0  0  0  -1  0   5  3  1  1  2  0/0    27:48   1:18   1:15 
J.T. Miller              1  0  1  -1  0   2  2  0  6  1  0/0    18:24   1:48   1:03 
Jean-Philippe Cote       0  0  0   0  2   1  0  3  0  2  0/0    23:42   1:34   0:00 
Kyle Hagel               0  0  0   0  0   2  5  0  0  0  0/0    14:35   1:15   0:00 
Mat Bodie                0  0  0   0  0   0  0  0  0  0  0/0    24:09   0:00   0:00 
Mathieu Brodeur          0  0  0  -1  0   0  0  0  0  3  0/0    24:15   1:32   1:35 
Matt Fraser              0  1  1  -1  0   0  0  0  0  0  0/1    16:48   1:48   0:00 
Oscar Lindberg           0  0  0   0  0   2  2  0  5  2  8/14   18:36   1:48   0:00 
Petr Straka              0  0  0   0  0   0  1  0  0  1  1/1    13:12   0:00   0:00 
Scott Wilson             0  0  0   0  0   5  0  0  1  1  0/0    15:02   0:00   0:00 
T.J. Tynan               0  0  0   0  0   3  2  0  2  0  4/6    13:43   0:00   0:00 
Tim Schaller             0  1  1  -1  0   3  2  2  2  0  3/8    17:51   1:48   1:03 
Travis Morin             0  0  0   0  0   1  2  0  3  0  8/13   17:22   1:48   0:56 
Viktor Svedberg          0  0  0   0  0   2  2  2  0  1  0/0    25:55   1:33   1:08 
Will Acton               0  0  0   0  0   0  1  0  0  0  0/0    13:43   0:00   0:00 

Players Stats for Americans

Player Name              G  A  P  +/- PIM S  H  SB GA TA FO     MP     PP MP  PK MP  
------------------------------------------------------------------------------------
Chris Breen              0  0  0   0  2   2  2  0  0  1  0/0    20:35   0:00   3:14 
Dany Heatley             0  0  0   0  0   0  1  1  0  1  0/0    17:50   0:57   0:12 
Dylan DeMelo             0  0  0   0  0   0  0  1  0  2  0/0    23:14   0:59   1:09 
Garrett Noonan           0  0  0   1  0   1  1  0  1  1  0/0    16:33   0:00   0:00 
Grant Clitsome           0  1  1   0  0   1  0  1  1  1  0/0    28:50   1:00   3:39 
Jake Chelios             0  0  0   1  0   2  1  3  0  2  0/0    19:22   0:59   0:00 
Jerome Samson            0  0  0   0  0   1  1  0  1  0  0/0    12:27   0:00   0:00 
Joel Vermin              0  0  0   1  0   0  1  1  1  1  0/0    15:05   0:00   0:13 
Justin Hodgman           0  0  0   0  2   0  4  0  0  1  0/2    11:01   0:00   0:00 
Marc-Andre Cliche        0  0  0   0  0   7  0  2  5  1  7/13   19:08   0:57   4:11 
Nate Schmidt             0  0  0   0  0   1  0  1  0  2  0/0    21:23   1:00   0:44 
Nick Cousins             0  0  0   0  0   1  0  0  3  1  6/14   19:12   1:02   0:00 
Nick Drazenovic          1  0  1   1  0   6  2  3  0  0  6/13   14:24   0:57   0:00 
Nick Sorkin              0  0  0   0  0   1  1  0  0  0  0/0    11:02   0:00   0:00 
Patrick Bordeleau        0  0  0   0  0   6  4  0  7  1  0/2    18:11   1:02   3:23 
Ruslan Fedotenko         0  0  0   1  0   0  1  0  2  1  1/1    14:00   0:00   0:00 
Spencer Abbott           0  0  0   0  0   1  1  0  2  0  0/0    16:43   1:02   0:00 
Tim Jackman              0  0  0   0  2   1  0  2  4  1  0/1    16:28   0:00   0:00 

3 Stars

1 - Yann Danis (RIH)
2 - Jason LaBarbera (RCH)
3 - Nick Drazenovic (RCH)

Power Play

Ice Hogs - 1 on 4 Attempt(s) - 25.00%
Americans - 0 on 1 Attempt(s) - 0.00%

Penalty Kill

Ice Hogs - 1 on 1 Attempt(s) - 100.00% - Score 0 goal in Penalty Kill
Americans - 3 on 4 Attempt(s) - 75.00% - Score 0 goal in Penalty Kill

Team Stat

Ice Hogs - Hits : 25 - Faceoff Wins : 26 - Blocked Shots : 10 - Penalty Minutes : 2
Americans - Hits : 20 - Faceoff Wins : 20 - Blocked Shots : 15 - Penalty Minutes : 6

Official

Referees : Unknown
Linesman : Unknown

Game Notes

Anton Volchenkov is injured at 0:53 of 1st period (Left Foot)
1:32 of 2nd period - Penalty Shot by Grant Clitsome for Americans - Stopped by Yann Danis

Finance

Level 1 -- Attendance: 1579 (78.95%) -- Ticket Income $31,580
Level 2 -- Attendance: 757 (75.70%) -- Ticket Income $6,056
Total Attendance: 2336 (77.87%)
Total Ticket Income: $37,636
Other Income: $18,442
Total Income: $56,078

Ice Hogs

5 vs 5 Forward 
   Center                   Left Wing                Right Wing               Time % Phy DF OF 
 1 Tim Schaller             Matt Fraser              J.T. Miller              30     0   2  3  
 2 Travis Morin             Scott Wilson             Colin McDonald           25     0   2  3  
 3 Oscar Lindberg           Derek Hulak              Petr Straka              25     1   2  2  
 4 T.J. Tynan               Kyle Hagel               Will Acton               20     1   2  2  

5 vs 5 Defense 
   Defense                  Defense                                           Time % Phy DF OF 
 1 Anton Volchenkov         Mathieu Brodeur                                   30     1   2  2  
 2 Viktor Svedberg          Frank Corrado                                     30     1   2  2  
 3 Mat Bodie                Jean-Philippe Cote                                30     1   2  2  
 4 Anton Volchenkov         Frank Corrado                                     10     1   2  2  

PowerPlay Forward 
   Center                   Left Wing                Right Wing               Time % Phy DF OF 
 1 Tim Schaller             Matt Fraser              J.T. Miller              50     1   1  3  
 2 Travis Morin             Oscar Lindberg           Colin McDonald           50     1   1  3  

PowerPlay Defense
   Defense                  Defense                                           Time % Phy DF OF 
 1 Anton Volchenkov         Mathieu Brodeur                                   50     0   2  3  
 2 Viktor Svedberg          Frank Corrado                                     50     0   2  3  

Penalty Kill 4 Players Forward 
   Center                   Wing                     Time % Phy DF OF 
 1 Travis Morin             Colin McDonald           50     1   3  1  
 2 Tim Schaller             J.T. Miller              50     1   3  1  

Penalty Kill 4 Players Defense
   Defense                  Defense                  Time % Phy DF OF 
 1 Anton Volchenkov         Mathieu Brodeur          50     1   4  0  
 2 Viktor Svedberg          Frank Corrado            50     1   4  0  

Penalty Kill - 3 Players Forward 
   Forward                                           Time % Phy DF OF 
 1 Travis Morin                                      50     1   4  0  
 2 Tim Schaller                                      50     1   4  0  

Penalty Kill - 3 Players Defense
   Defense                  Defense                  Time % Phy DF OF 
 1 Anton Volchenkov         Mathieu Brodeur          50     1   4  0  
 2 Viktor Svedberg          Frank Corrado            50     1   4  0  

4 vs 4 Forward 
   Center                   Wing                     Time % Phy DF OF 
 1 Oscar Lindberg           Scott Wilson             50     1   2  2  
 2 T.J. Tynan               Will Acton               50     1   2  2  

4 vs 4 Defense
   Defense                  Defense                  Time % Phy DF OF 
 1 Mat Bodie                Jean-Philippe Cote       50     1   2  2  
 2 Viktor Svedberg          Frank Corrado            50     1   2  2  

Last Minutes Offensive
   Center                   Left Wing                Right Wing               Defense                  Defense                  
   Tim Schaller             J.T. Miller              Colin McDonald           Anton Volchenkov         Frank Corrado            

Last Minutes Defensive
   Center                   Left Wing                Right Wing               Defense                  Defense                  
   Travis Morin             Tim Schaller             J.T. Miller              Anton Volchenkov         Frank Corrado            

Goaltenders
Starting : Yann Danis               
Backup : Ryan Faragher            

Extra Forwards
Normal : Colin McDonald, Oscar Lindberg, J.T. Miller - PP : Oscar Lindberg, Scott Wilson - PK : Oscar Lindberg
Extra Defensemen
Normal : Frank Corrado, Mat Bodie, Anton Volchenkov - PP : Frank Corrado - PK : Frank Corrado, Anton Volchenkov
Penalty Shots
Travis Morin, Colin McDonald, J.T. Miller, Scott Wilson, Oscar Lindberg

Americans

5 vs 5 Forward 
   Center                   Left Wing                Right Wing               Time % Phy DF OF 
 1 Nick Cousins             Dany Heatley             Tim Jackman              35     1   2  2  
 2 Marc-Andre Cliche        Patrick Bordeleau        Spencer Abbott           30     1   2  2  
 3 Nick Drazenovic          Ruslan Fedotenko         Joel Vermin              22     1   2  2  
 4 Justin Hodgman           Nick Sorkin              Jerome Samson            13     1   2  2  

5 vs 5 Defense 
   Defense                  Defense                                           Time % Phy DF OF 
 1 Nate Schmidt             Grant Clitsome                                    35     1   2  2  
 2 Dylan DeMelo             Chris Breen                                       30     1   2  2  
 3 Jake Chelios             Garrett Noonan                                    22     1   2  2  
 4 Dylan DeMelo             Grant Clitsome                                    13     1   2  2  

PowerPlay Forward 
   Center                   Left Wing                Right Wing               Time % Phy DF OF 
 1 Nick Cousins             Patrick Bordeleau        Spencer Abbott           60     1   2  2  
 2 Nick Drazenovic          Dany Heatley             Marc-Andre Cliche        40     1   2  2  

PowerPlay Defense
   Defense                  Defense                                           Time % Phy DF OF 
 1 Nate Schmidt             Grant Clitsome                                    60     1   2  2  
 2 Jake Chelios             Dylan DeMelo                                      40     1   2  2  

Penalty Kill 4 Players Forward 
   Center                   Wing                     Time % Phy DF OF 
 1 Marc-Andre Cliche        Patrick Bordeleau        60     1   2  2  
 2 Justin Hodgman           Ruslan Fedotenko         40     1   2  2  

Penalty Kill 4 Players Defense
   Defense                  Defense                  Time % Phy DF OF 
 1 Grant Clitsome           Chris Breen              60     1   2  2  
 2 Nate Schmidt             Dylan DeMelo             40     1   2  2  

Penalty Kill - 3 Players Forward 
   Forward                                           Time % Phy DF OF 
 1 Marc-Andre Cliche                                 60     1   2  2  
 2 Justin Hodgman                                    40     1   2  2  

Penalty Kill - 3 Players Defense
   Defense                  Defense                  Time % Phy DF OF 
 1 Grant Clitsome           Chris Breen              60     1   2  2  
 2 Nate Schmidt             Dylan DeMelo             40     1   2  2  

4 vs 4 Forward 
   Center                   Wing                     Time % Phy DF OF 
 1 Nick Cousins             Spencer Abbott           60     1   2  2  
 2 Nick Drazenovic          Dany Heatley             40     1   2  2  

4 vs 4 Defense
   Defense                  Defense                  Time % Phy DF OF 
 1 Nate Schmidt             Grant Clitsome           60     1   2  2  
 2 Jake Chelios             Dylan DeMelo             40     1   2  2  

Last Minutes Offensive
   Center                   Left Wing                Right Wing               Defense                  Defense                  
   Nick Cousins             Dany Heatley             Spencer Abbott           Nate Schmidt             Grant Clitsome           

Last Minutes Defensive
   Center                   Left Wing                Right Wing               Defense                  Defense                  
   Marc-Andre Cliche        Patrick Bordeleau        Spencer Abbott           Chris Breen              Grant Clitsome           

Goaltenders
Starting : Jason LaBarbera          
Backup : FARM GOALIE17            

Extra Forwards
Normal : Joel Vermin, Jerome Samson, Ruslan Fedotenko - PP : Joel Vermin, Jerome Samson - PK : Joel Vermin
Extra Defensemen
Normal : Chris Breen, Dylan DeMelo, Jake Chelios - PP : Garrett Noonan - PK : Dylan DeMelo, Garrett Noonan
Penalty Shots
Spencer Abbott, Nick Drazenovic, Nick Cousins, Dany Heatley, Ruslan Fedotenko

% Time on Ice - Ice Hogs

Lines # - Real PCT - Wanted PCT - Time Play
Normal Forward
1 - 30% - 30% - 16:11
2 - 25% - 25% - 13:28
3 - 24% - 25% - 13:12
4 - 21% - 20% - 11:34
Normal Defense
1 - 39% - 30% - 21:15
2 - 13% - 30% - 7:06
3 - 24% - 30% - 13:06
4 - 24% - 10% - 12:58
PP Forward
1 - 50% - 50% - 1:48
2 - 50% - 50% - 1:48
PP Defense
1 - 87% - 50% - 3:07
2 - 13% - 50% - 0:29
PK Forward
1 - 47% - 50% - 0:56
2 - 53% - 50% - 1:03
PK Defense
1 - 80% - 50% - 1:35
2 - 20% - 50% - 0:24
PK3 Forward
1 - 0% - 50%
2 - 0% - 50%
PK3 Defense
1 - 0% - 50%
2 - 0% - 50%
44 Forward
1 - 57% - 50% - 2:51
2 - 43% - 50% - 2:09
44 Defense
1 - 51% - 50% - 2:32
2 - 49% - 50% - 2:28
Last Minute Offensive  - 0:00
Last Minute Defensive  - 0:00
Total
Forward - 65:00
Defense - 65:00

% Time on Ice - Americans

Lines # - Real PCT - Wanted PCT - Time Play
Normal Forward
1 - 30% - 35% - 16:16
2 - 25% - 30% - 13:40
3 - 25% - 22% - 13:27
4 - 20% - 13% - 11:02
Normal Defense
1 - 34% - 35% - 18:35
2 - 30% - 30% - 16:04
3 - 30% - 22% - 16:33
4 - 6% - 13% - 3:13
PP Forward
1 - 52% - 60% - 1:02
2 - 48% - 40% - 0:57
PP Defense
1 - 50% - 60% - 1:00
2 - 50% - 40% - 0:59
PK Forward
1 - 100% - 60% - 3:36
2 - 0% - 40% - 0:00
PK Defense
1 - 80% - 60% - 2:52
2 - 20% - 40% - 0:44
PK3 Forward
1 - 100% - 60% - 0:47
2 - 0% - 40% - 0:00
PK3 Defense
1 - 100% - 60% - 0:47
2 - 0% - 40% - 0:00
44 Forward
1 - 100% - 60% - 4:13
2 - 0% - 40% - 0:00
44 Defense
1 - 57% - 60% - 2:23
2 - 43% - 40% - 1:50
Last Minute Offensive  - 0:00
Last Minute Defensive  - 0:00
Total
Forward - 65:00
Defense - 65:00

Play by Play

1st period


0:01 of 1st period - Nick Cousins wins face-off versus Matt Fraser in neutral zone.
0:20 of 1st period - Snap shot by Nick Cousins.
0:20 of 1st period - Shot Misses the Net.
0:53 of 1st period - Slapshot by Patrick Bordeleau.
0:53 of 1st period - Shot Blocked by Anton Volchenkov.
0:53 of 1st period - Anton Volchenkov from Ice Hogs is injured at 0:53 of 1st period (Left Foot).
0:54 of 1st period - Travis Morin wins face-off versus Nick Drazenovic in Ice Hogs zone.
0:59 of 1st period - Snap shot by Nick Drazenovic.
0:59 of 1st period - Shot Misses the Net.
1:01 of 1st period - Slapshot by Jake Chelios.
1:01 of 1st period - Stopped by Yann Danis with a rebound.
1:03 of 1st period - Slapshot by Jake Chelios.
1:03 of 1st period - Shot Misses the Net.
1:05 of 1st period - Slapshot by Jake Chelios.
1:05 of 1st period - Stopped by Yann Danis with a rebound.
1:07 of 1st period - Slapshot by Garrett Noonan.
1:07 of 1st period - Stopped by Yann Danis with a rebound.
1:09 of 1st period - Wrist shot by Joel Vermin.
1:09 of 1st period - Shot Misses the Net.
1:11 of 1st period - Wrist shot by Nick Drazenovic.
1:11 of 1st period - Shot Misses the Net.
1:25 of 1st period - Nick Drazenovic is hit by Travis Morin and loses puck.
1:51 of 1st period - Wrist shot by Patrick Bordeleau.
1:51 of 1st period - Stopped by Yann Danis without a rebound.
1:52 of 1st period - Oscar Lindberg wins face-off versus Marc-Andre Cliche in Ice Hogs zone.
2:05 of 1st period - Slapshot by Patrick Bordeleau.
2:05 of 1st period - Stopped by Yann Danis with a rebound.
2:07 of 1st period - Snap shot by Marc-Andre Cliche.
2:07 of 1st period - Deflect By Spencer Abbott.
2:07 of 1st period - Shot Blocked by Jean-Philippe Cote.
2:07 of 1st period - Puck is out of play.
2:08 of 1st period - T.J. Tynan wins face-off versus Justin Hodgman in Ice Hogs zone.
2:19 of 1st period - Snap shot by T.J. Tynan.
2:19 of 1st period - Stopped by Jason LaBarbera with a rebound.
2:45 of 1st period - Slapshot by Grant Clitsome.
2:45 of 1st period - Stopped by Yann Danis with a rebound.
3:31 of 1st period - Snap shot by Oscar Lindberg.
3:31 of 1st period - Shot Misses the Net.
3:52 of 1st period - Icing by Frank Corrado.
3:53 of 1st period - Oscar Lindberg wins face-off versus Marc-Andre Cliche in Ice Hogs zone.
4:02 of 1st period - Marc-Andre Cliche is hit by Frank Corrado and loses puck.
4:11 of 1st period - Spencer Abbott is hit by Derek Hulak and loses puck.
4:26 of 1st period - Snap shot by Marc-Andre Cliche.
4:26 of 1st period - Deflect By Patrick Bordeleau.
4:26 of 1st period - Stopped by Yann Danis without a rebound.
4:27 of 1st period - Nick Drazenovic wins face-off versus Tim Schaller in Ice Hogs zone.
4:28 of 1st period - Slapshot by Nate Schmidt.
4:28 of 1st period - Stopped by Yann Danis without a rebound.
4:29 of 1st period - Nick Drazenovic wins face-off versus Tim Schaller in Ice Hogs zone.
4:36 of 1st period - Slapshot by Nick Drazenovic.
4:36 of 1st period - Stopped by Yann Danis with a rebound.
4:38 of 1st period - Slapshot by Grant Clitsome.
4:38 of 1st period - Shot Blocked by Tim Schaller.
4:40 of 1st period - Snap shot by Nick Drazenovic.
4:40 of 1st period - Deflect By Ruslan Fedotenko.
4:40 of 1st period - Shot Misses the Net.
4:40 of 1st period - Puck is out of play.
4:41 of 1st period - Travis Morin wins face-off versus Nick Drazenovic in Ice Hogs zone.
5:10 of 1st period - Snap shot by Nick Drazenovic.
5:10 of 1st period - Stopped by Yann Danis with a rebound.
5:12 of 1st period - Wrist shot by Nick Drazenovic.
5:12 of 1st period - Shot Misses the Net.
6:49 of 1st period - Minor Penalty to Chris Breen for High sticking.
6:50 of 1st period - Tim Schaller wins face-off versus Marc-Andre Cliche in Americans zone.
7:08 of 1st period - Snap shot by Matt Fraser.
7:08 of 1st period - Shot Misses the Net.
7:14 of 1st period - Snap shot by J.T. Miller.
7:14 of 1st period - Goal by J.T. Miller - Ice Hogs : 1 - Americans : 0.
7:15 of 1st period - Travis Morin wins face-off versus Justin Hodgman in neutral zone.
7:32 of 1st period - Nick Sorkin is hit by Colin McDonald and loses puck.
7:39 of 1st period - Wrist shot by Colin McDonald.
7:39 of 1st period - Shot Misses the Net.
7:41 of 1st period - Wrist shot by Scott Wilson.
7:41 of 1st period - Stopped by Jason LaBarbera with a rebound.
7:43 of 1st period - Wrist shot by Travis Morin.
7:43 of 1st period - Shot Misses the Net.
7:45 of 1st period - Slapshot by Viktor Svedberg.
7:45 of 1st period - Shot Misses the Net.
7:49 of 1st period - Slapshot by Colin McDonald.
7:49 of 1st period - Stopped by Jason LaBarbera with a rebound.
7:51 of 1st period - Snap shot by Colin McDonald.
7:51 of 1st period - Deflect By Scott Wilson.
7:51 of 1st period - Stopped by Jason LaBarbera with a rebound.
8:19 of 1st period - Slapshot by Patrick Bordeleau.
8:19 of 1st period - Shot Misses the Net.
8:21 of 1st period - Snap shot by Marc-Andre Cliche.
8:21 of 1st period - Stopped by Yann Danis with a rebound.
8:23 of 1st period - Snap shot by Patrick Bordeleau.
8:23 of 1st period - Stopped by Yann Danis without a rebound.
8:24 of 1st period - Tim Schaller wins face-off versus Nick Drazenovic in Ice Hogs zone.
8:56 of 1st period - Wrist shot by Nick Drazenovic.
8:56 of 1st period - Goal by Nick Drazenovic - Ice Hogs : 1 - Americans : 1.
8:57 of 1st period - Marc-Andre Cliche wins face-off versus Oscar Lindberg in neutral zone.
10:08 of 1st period - Slapshot by Viktor Svedberg.
10:08 of 1st period - Deflect By Nick Cousins.
10:08 of 1st period - Stopped by Jason LaBarbera with a rebound.
10:10 of 1st period - Slapshot by Frank Corrado.
10:10 of 1st period - Deflect By Nick Cousins.
10:10 of 1st period - Stopped by Jason LaBarbera with a rebound.
10:12 of 1st period - Snap shot by Tim Schaller.
10:12 of 1st period - Stopped by Jason LaBarbera with a rebound.
10:14 of 1st period - Slapshot by Tim Schaller.
10:14 of 1st period - Stopped by Jason LaBarbera without a rebound.
10:15 of 1st period - Travis Morin wins face-off versus Nick Drazenovic in Americans zone.
10:20 of 1st period - Wrist shot by Colin McDonald.
10:20 of 1st period - Stopped by Jason LaBarbera without a rebound.
10:21 of 1st period - Ruslan Fedotenko wins face-off versus Travis Morin in Americans zone.
10:44 of 1st period - Nate Schmidt is hit by Travis Morin and loses puck.
11:17 of 1st period - Snap shot by T.J. Tynan.
11:17 of 1st period - Stopped by Jason LaBarbera with a rebound.
12:09 of 1st period - Slapshot by J.T. Miller.
12:09 of 1st period - Stopped by Jason LaBarbera with a rebound.
12:11 of 1st period - Slapshot by Tim Schaller.
12:11 of 1st period - Stopped by Jason LaBarbera without a rebound.
12:12 of 1st period - Oscar Lindberg wins face-off versus Nick Cousins in Americans zone.
13:15 of 1st period - Mat Bodie is hit by Jake Chelios.
13:47 of 1st period - Snap shot by Justin Hodgman.
13:47 of 1st period - Shot Misses the Net.
14:42 of 1st period - J.T. Miller is hit by Garrett Noonan and loses puck.
15:38 of 1st period - Slapshot by Tim Jackman.
15:38 of 1st period - Shot Misses the Net.
15:40 of 1st period - Wrist shot by Tim Jackman.
15:40 of 1st period - Shot Blocked by Viktor Svedberg.
15:42 of 1st period - Wrist shot by Nick Cousins.
15:42 of 1st period - Stopped by Yann Danis without a rebound.
15:43 of 1st period - Nick Cousins wins face-off versus Oscar Lindberg in Ice Hogs zone.
16:12 of 1st period - Slapshot by Oscar Lindberg.
16:12 of 1st period - Shot Blocked by Dany Heatley.
16:14 of 1st period - Slapshot by Derek Hulak.
16:14 of 1st period - Shot Misses the Net.
16:16 of 1st period - Snap shot by Oscar Lindberg.
16:16 of 1st period - Shot Blocked by Nate Schmidt.
16:46 of 1st period - Icing by Dany Heatley.
16:47 of 1st period - T.J. Tynan wins face-off versus Nick Cousins in Americans zone.
16:48 of 1st period - Slapshot by Frank Corrado.
16:48 of 1st period - Deflect By Tim Jackman.
16:48 of 1st period - Stopped by Jason LaBarbera with a rebound.
16:50 of 1st period - Slapshot by Frank Corrado.
16:50 of 1st period - Shot Misses the Net.
16:52 of 1st period - Slapshot by Mathieu Brodeur.
16:52 of 1st period - Shot Misses the Net.
16:54 of 1st period - Wrist shot by Kyle Hagel.
16:54 of 1st period - Stopped by Jason LaBarbera with a rebound.
16:56 of 1st period - Wrist shot by Kyle Hagel.
16:56 of 1st period - Stopped by Jason LaBarbera with a rebound.
16:58 of 1st period - Slapshot by Frank Corrado.
16:58 of 1st period - Stopped by Jason LaBarbera without a rebound.
16:59 of 1st period - Marc-Andre Cliche wins face-off versus T.J. Tynan in Americans zone.
16:59 of 1st period - Marc-Andre Cliche is hit by T.J. Tynan.
17:12 of 1st period - Marc-Andre Cliche is hit by Kyle Hagel and loses puck.
17:58 of 1st period - Wrist shot by J.T. Miller.
17:58 of 1st period - Shot Blocked by Nick Drazenovic.
18:00 of 1st period - Slapshot by Viktor Svedberg.
18:00 of 1st period - Stopped by Jason LaBarbera with a rebound.
18:02 of 1st period - Snap shot by Tim Schaller.
18:02 of 1st period - Shot Blocked by Dylan DeMelo.
18:18 of 1st period - J.T. Miller is hit by Joel Vermin.
18:56 of 1st period - Backhand shot by Jerome Samson.
18:56 of 1st period - Shot Blocked by Viktor Svedberg.
18:58 of 1st period - Snap shot by Justin Hodgman.
18:58 of 1st period - Shot Misses the Net.
19:00 of 1st period - Snap shot by Jerome Samson.
19:00 of 1st period - Stopped by Yann Danis with a rebound.
19:20 of 1st period - Mat Bodie is hit by Patrick Bordeleau and loses puck.
Goals for this period are 1 for Ice Hogs vs 1 for Americans.
Shots for this period are 18 for Ice Hogs vs 15 for Americans.

2nd period


0:01 of 2nd period - Nick Cousins wins face-off versus Oscar Lindberg in neutral zone.
0:03 of 2nd period - Off-side.
0:04 of 2nd period - Oscar Lindberg wins face-off versus Nick Cousins in neutral zone.
1:17 of 2nd period - Travis Morin is hit by Spencer Abbott and loses puck.
1:32 of 2nd period - Penalty Shot by Grant Clitsome for Americans.
1:32 of 2nd period - Deke by Grant Clitsome.
1:32 of 2nd period - Stopped by Yann Danis.
1:33 of 2nd period - T.J. Tynan wins face-off versus Nick Drazenovic in Americans zone.
1:35 of 2nd period - Wrist shot by T.J. Tynan.
1:35 of 2nd period - Stopped by Jason LaBarbera with a rebound.
1:55 of 2nd period - Ruslan Fedotenko is hit by T.J. Tynan and loses puck.
2:43 of 2nd period - Garrett Noonan is hit by J.T. Miller and loses puck.
2:56 of 2nd period - Snap shot by Tim Schaller.
2:56 of 2nd period - Shot Misses the Net.
2:58 of 2nd period - Wrist shot by Tim Schaller.
2:58 of 2nd period - Deflect By Matt Fraser.
2:58 of 2nd period - Shot Blocked by Jake Chelios.
2:58 of 2nd period - Puck is out of play.
2:59 of 2nd period - Oscar Lindberg wins face-off versus Nick Cousins in Americans zone.
3:06 of 2nd period - Snap shot by Oscar Lindberg.
3:06 of 2nd period - Stopped by Jason LaBarbera with a rebound.
3:29 of 2nd period - Nate Schmidt is hit by Petr Straka and loses puck.
3:46 of 2nd period - Travis Morin is hit by Patrick Bordeleau and loses puck.
4:37 of 2nd period - Marc-Andre Cliche is hit by Tim Schaller and loses puck.
4:52 of 2nd period - Snap shot by Matt Fraser.
4:52 of 2nd period - Shot Misses the Net.
5:15 of 2nd period - Wrist shot by Nick Drazenovic.
5:15 of 2nd period - Shot Blocked by Tim Schaller.
5:17 of 2nd period - Slapshot by Chris Breen.
5:17 of 2nd period - Deflect By Tim Schaller.
5:17 of 2nd period - Stopped by Yann Danis without a rebound.
5:18 of 2nd period - T.J. Tynan wins face-off versus Nick Drazenovic in Ice Hogs zone.
5:27 of 2nd period - Snap shot by Will Acton.
5:27 of 2nd period - Shot Misses the Net.
5:29 of 2nd period - Slapshot by Mat Bodie.
5:29 of 2nd period - Shot Blocked by Nick Drazenovic.
5:31 of 2nd period - Wrist shot by Will Acton.
5:31 of 2nd period - Shot Blocked by Nick Drazenovic.
5:33 of 2nd period - Slapshot by T.J. Tynan.
5:33 of 2nd period - Shot Misses the Net.
5:35 of 2nd period - Slapshot by Jean-Philippe Cote.
5:35 of 2nd period - Shot Hit the Post.
5:58 of 2nd period - Minor Penalty to Jean-Philippe Cote for Hooking.
5:59 of 2nd period - Travis Morin wins face-off versus Nick Cousins in Ice Hogs zone.
6:12 of 2nd period - Slapshot by Patrick Bordeleau.
6:12 of 2nd period - Stopped by Yann Danis without a rebound.
6:13 of 2nd period - Travis Morin wins face-off versus Patrick Bordeleau in Ice Hogs zone.
7:33 of 2nd period - Wrist shot by Marc-Andre Cliche.
7:33 of 2nd period - Stopped by Yann Danis without a rebound.
7:34 of 2nd period - Nick Drazenovic wins face-off versus Tim Schaller in Ice Hogs zone.
7:55 of 2nd period - Frank Corrado is hit by Patrick Bordeleau and loses puck.
7:58 of 2nd period - Penalty to Jean-Philippe Cote is over, Jean-Philippe Cote is back on ice.
8:16 of 2nd period - Snap shot by Nick Sorkin.
8:16 of 2nd period - Stopped by Yann Danis with a rebound.
8:35 of 2nd period - Viktor Svedberg is hit by Justin Hodgman and loses puck.
9:13 of 2nd period - Off-side.
9:14 of 2nd period - Nick Cousins wins face-off versus Oscar Lindberg in neutral zone.
9:19 of 2nd period - Snap shot by Nick Cousins.
9:19 of 2nd period - Deflect By Dany Heatley.
9:19 of 2nd period - Shot Misses the Net.
9:19 of 2nd period - Puck is out of play.
9:20 of 2nd period - Oscar Lindberg wins face-off versus Tim Jackman in Ice Hogs zone.
9:35 of 2nd period - Nick Cousins is hit by Oscar Lindberg and loses puck.
11:23 of 2nd period - Snap shot by J.T. Miller.
11:23 of 2nd period - Shot Blocked by Marc-Andre Cliche.
11:58 of 2nd period - Marc-Andre Cliche is hit by Will Acton and loses puck.
12:17 of 2nd period - Nick Cousins is hit by Kyle Hagel and loses puck.
13:29 of 2nd period - Mathieu Brodeur is hit by Nick Drazenovic and loses puck.
13:48 of 2nd period - Snap shot by Nick Drazenovic.
13:48 of 2nd period - Shot Blocked by Jean-Philippe Cote.
14:32 of 2nd period - Dany Heatley is hit by Viktor Svedberg.
15:11 of 2nd period - Colin McDonald is hit by Jerome Samson and loses puck.
15:36 of 2nd period - Ruslan Fedotenko is hit by Tim Schaller and loses puck.
15:56 of 2nd period - Icing by Ruslan Fedotenko.
15:57 of 2nd period - Oscar Lindberg wins face-off versus Nick Drazenovic in Americans zone.
16:37 of 2nd period - Kyle Hagel is hit by Patrick Bordeleau and loses puck.
16:42 of 2nd period - Snap shot by Marc-Andre Cliche.
16:42 of 2nd period - Stopped by Yann Danis with a rebound.
16:44 of 2nd period - Snap shot by Patrick Bordeleau.
16:44 of 2nd period - Shot Misses the Net.
16:48 of 2nd period - Wrist shot by Marc-Andre Cliche.
16:48 of 2nd period - Stopped by Yann Danis without a rebound.
16:49 of 2nd period - Nick Cousins wins face-off versus Colin McDonald in Ice Hogs zone.
16:50 of 2nd period - Wrist shot by Tim Jackman.
16:50 of 2nd period - Shot Blocked by Colin McDonald.
17:08 of 2nd period - Icing by Dylan DeMelo.
17:09 of 2nd period - Colin McDonald wins face-off versus Nick Cousins in Americans zone.
17:34 of 2nd period - Slapshot by J.T. Miller.
17:34 of 2nd period - Shot Misses the Net.
18:29 of 2nd period - Minor Penalty to Justin Hodgman for Holding.
18:30 of 2nd period - Tim Schaller wins face-off versus Marc-Andre Cliche in Americans zone.
19:14 of 2nd period - Travis Morin is hit by Chris Breen and loses puck.
Goals for this period are 0 for Ice Hogs vs 0 for Americans.
Shots for this period are 2 for Ice Hogs vs 6 for Americans.

3rd period


0:01 of 3rd period - Marc-Andre Cliche wins face-off versus Travis Morin in neutral zone.
0:10 of 3rd period - Snap shot by Marc-Andre Cliche.
0:10 of 3rd period - Stopped by Yann Danis without a rebound.
0:11 of 3rd period - Travis Morin wins face-off versus Marc-Andre Cliche in Ice Hogs zone.
0:15 of 3rd period - Off-side.
0:16 of 3rd period - Marc-Andre Cliche wins face-off versus Travis Morin in neutral zone.
0:29 of 3rd period - Penalty to Justin Hodgman is over, Justin Hodgman is back on ice.
0:52 of 3rd period - Snap shot by Nick Cousins.
0:52 of 3rd period - Shot Misses the Net.
1:06 of 3rd period - Nick Cousins is hit by Frank Corrado and loses puck.
2:03 of 3rd period - Spencer Abbott is hit by Kyle Hagel and loses puck.
2:52 of 3rd period - Icing by Ruslan Fedotenko.
2:53 of 3rd period - Nick Drazenovic wins face-off versus Oscar Lindberg in Americans zone.
2:58 of 3rd period - Mathieu Brodeur is hit by Nick Drazenovic and loses puck.
3:10 of 3rd period - Wrist shot by Petr Straka.
3:10 of 3rd period - Shot Blocked by Jake Chelios.
3:12 of 3rd period - Wrist shot by Derek Hulak.
3:12 of 3rd period - Shot Blocked by Jake Chelios.
3:48 of 3rd period - Nick Sorkin is hit by Colin McDonald and loses puck.
4:12 of 3rd period - Dylan DeMelo is hit by J.T. Miller and loses puck.
4:31 of 3rd period - J.T. Miller is hit by Nick Sorkin and loses puck.
5:09 of 3rd period - T.J. Tynan is hit by Chris Breen and loses puck.
5:55 of 3rd period - Derek Hulak is hit by Ruslan Fedotenko and loses puck.
6:04 of 3rd period - Snap shot by Jean-Philippe Cote.
6:04 of 3rd period - Stopped by Jason LaBarbera without a rebound.
6:05 of 3rd period - Colin McDonald wins face-off versus Nick Cousins in Americans zone.
6:10 of 3rd period - Snap shot by Colin McDonald.
6:10 of 3rd period - Shot Misses the Net.
6:12 of 3rd period - Snap shot by Colin McDonald.
6:12 of 3rd period - Shot Blocked by Tim Jackman.
6:14 of 3rd period - Snap shot by Scott Wilson.
6:14 of 3rd period - Stopped by Jason LaBarbera without a rebound.
6:15 of 3rd period - Nick Cousins wins face-off versus Travis Morin in Americans zone.
6:37 of 3rd period - Tim Jackman is hit by Viktor Svedberg and loses puck.
7:05 of 3rd period - Justin Hodgman is hit by Kyle Hagel and loses puck.
7:16 of 3rd period - Viktor Svedberg is hit by Justin Hodgman and loses puck.
7:44 of 3rd period - Snap shot by Patrick Bordeleau.
7:44 of 3rd period - Stopped by Yann Danis with a rebound.
7:46 of 3rd period - Snap shot by Spencer Abbott.
7:46 of 3rd period - Shot Misses the Net.
7:48 of 3rd period - Slapshot by Jake Chelios.
7:48 of 3rd period - Shot Misses the Net.
7:50 of 3rd period - Wrist shot by Marc-Andre Cliche.
7:50 of 3rd period - Shot Misses the Net.
7:52 of 3rd period - Snap shot by Marc-Andre Cliche.
7:52 of 3rd period - Stopped by Yann Danis with a rebound.
7:54 of 3rd period - Snap shot by Spencer Abbott.
7:54 of 3rd period - Stopped by Yann Danis with a rebound.
7:56 of 3rd period - Snap shot by Marc-Andre Cliche.
7:56 of 3rd period - Shot Misses the Net.
8:03 of 3rd period - Snap shot by Patrick Bordeleau.
8:03 of 3rd period - Shot Misses the Net.
8:09 of 3rd period - Slapshot by Marc-Andre Cliche.
8:09 of 3rd period - Stopped by Yann Danis without a rebound.
8:10 of 3rd period - Nick Drazenovic wins face-off versus Tim Schaller in Ice Hogs zone.
8:11 of 3rd period - Wrist shot by Joel Vermin.
8:11 of 3rd period - Deflect By Nick Drazenovic.
8:11 of 3rd period - Shot Misses the Net.
8:11 of 3rd period - Puck is out of play.
8:12 of 3rd period - Nick Drazenovic wins face-off versus Tim Schaller in Ice Hogs zone.
8:42 of 3rd period - Slapshot by Nick Drazenovic.
8:42 of 3rd period - Stopped by Yann Danis with a rebound.
8:44 of 3rd period - Snap shot by Nick Drazenovic.
8:44 of 3rd period - Stopped by Yann Danis with a rebound.
10:22 of 3rd period - Snap shot by Justin Hodgman.
10:22 of 3rd period - Shot Misses the Net.
10:24 of 3rd period - Slapshot by Garrett Noonan.
10:24 of 3rd period - Shot Blocked by Frank Corrado.
10:53 of 3rd period - Mat Bodie is hit by Justin Hodgman and loses puck.
11:14 of 3rd period - Slapshot by Nick Drazenovic.
11:14 of 3rd period - Stopped by Yann Danis with a rebound.
11:16 of 3rd period - Slapshot by Nate Schmidt.
11:16 of 3rd period - Shot Blocked by Jean-Philippe Cote.
11:18 of 3rd period - Slapshot by Nick Drazenovic.
11:18 of 3rd period - Shot Misses the Net.
11:20 of 3rd period - Slapshot by Chris Breen.
11:20 of 3rd period - Stopped by Yann Danis with a rebound.
11:55 of 3rd period - Snap shot by Tim Jackman.
11:55 of 3rd period - Shot Misses the Net.
11:57 of 3rd period - Slapshot by Tim Jackman.
11:57 of 3rd period - Stopped by Yann Danis without a rebound.
11:58 of 3rd period - Marc-Andre Cliche wins face-off versus Travis Morin in Ice Hogs zone.
13:41 of 3rd period - Wrist shot by Tim Schaller.
13:41 of 3rd period - Shot Misses the Net.
14:29 of 3rd period - Ruslan Fedotenko is hit by Kyle Hagel and loses puck.
15:11 of 3rd period - Icing by Jean-Philippe Cote.
15:12 of 3rd period - Petr Straka wins face-off versus Marc-Andre Cliche in Ice Hogs zone.
16:07 of 3rd period - Tim Schaller is hit by Dany Heatley and loses puck.
16:30 of 3rd period - Matt Fraser is hit by Justin Hodgman and loses puck.
18:37 of 3rd period - Slapshot by Scott Wilson.
18:37 of 3rd period - Stopped by Jason LaBarbera with a rebound.
18:39 of 3rd period - Slapshot by Mat Bodie.
18:39 of 3rd period - Shot Blocked by Tim Jackman.
18:41 of 3rd period - Snap shot by Travis Morin.
18:41 of 3rd period - Stopped by Jason LaBarbera with a rebound.
18:47 of 3rd period - Minor Penalty to Tim Jackman for Holding.
18:48 of 3rd period - Travis Morin wins face-off versus Patrick Bordeleau in Americans zone.
19:03 of 3rd period - Snap shot by Travis Morin.
19:03 of 3rd period - Shot Blocked by Marc-Andre Cliche.
19:05 of 3rd period - Slapshot by Viktor Svedberg.
19:05 of 3rd period - Shot Blocked by Grant Clitsome.
19:07 of 3rd period - Wrist shot by Mathieu Brodeur.
19:07 of 3rd period - Shot Misses the Net.
19:38 of 3rd period - Marc-Andre Cliche is hit by Oscar Lindberg and loses puck.
Goals for this period are 0 for Ice Hogs vs 0 for Americans.
Shots for this period are 4 for Ice Hogs vs 10 for Americans.

Overtime #1


0:01 of 1st overtime period - Marc-Andre Cliche wins face-off versus Oscar Lindberg in neutral zone.
0:22 of 1st overtime period - Snap shot by Scott Wilson.
0:22 of 1st overtime period - Shot Misses the Net.
0:24 of 1st overtime period - Wrist shot by Scott Wilson.
0:24 of 1st overtime period - Stopped by Jason LaBarbera without a rebound.
0:25 of 1st overtime period - Marc-Andre Cliche wins face-off versus T.J. Tynan in Americans zone.
0:47 of 1st overtime period - Penalty to Tim Jackman is over, Tim Jackman is back on ice.
0:52 of 1st overtime period - Slapshot by Frank Corrado.
0:52 of 1st overtime period - Stopped by Jason LaBarbera with a rebound.
1:36 of 1st overtime period - Wrist shot by Spencer Abbott.
1:36 of 1st overtime period - Shot Hit the Post.
1:52 of 1st overtime period - Snap shot by Oscar Lindberg.
1:52 of 1st overtime period - Stopped by Jason LaBarbera without a rebound.
1:53 of 1st overtime period - Oscar Lindberg wins face-off versus Nick Cousins in Americans zone.
1:58 of 1st overtime period - Wrist shot by Scott Wilson.
1:58 of 1st overtime period - Shot Misses the Net.
2:32 of 1st overtime period - Slapshot by Frank Corrado.
2:32 of 1st overtime period - Stopped by Jason LaBarbera with a rebound.
2:44 of 1st overtime period - Slapshot by Frank Corrado.
2:44 of 1st overtime period - Shot Hit the Post.
2:46 of 1st overtime period - Slapshot by Viktor Svedberg.
2:46 of 1st overtime period - Shot Blocked by Joel Vermin.
3:08 of 1st overtime period - Slapshot by Nate Schmidt.
3:08 of 1st overtime period - Shot Misses the Net.
4:44 of 1st overtime period - Jake Chelios is hit by Frank Corrado and loses puck.
Goals for this period are 0 for Ice Hogs vs 0 for Americans.
Shots for this period are 4 for Ice Hogs vs 0 for Americans.

ShootOut


5:00 of 1st overtime period - Penalty Shot by Travis Morin for Ice Hogs.
5:00 of 1st overtime period - Wrist shot by Travis Morin.
5:00 of 1st overtime period - Shot Misses the Net.
5:00 of 1st overtime period - Penalty Shot by Spencer Abbott for Americans.
5:00 of 1st overtime period - Wrist shot by Spencer Abbott.
5:00 of 1st overtime period - Shot Misses the Net.
5:00 of 1st overtime period - Penalty Shot by Colin McDonald for Ice Hogs.
5:00 of 1st overtime period - Deke by Colin McDonald.
5:00 of 1st overtime period - Stopped by Jason LaBarbera.
5:00 of 1st overtime period - Penalty Shot by Nick Drazenovic for Americans.
5:00 of 1st overtime period - Snap shot by Nick Drazenovic.
5:00 of 1st overtime period - Shot Misses the Net.
5:00 of 1st overtime period - Penalty Shot by J.T. Miller for Ice Hogs.
5:00 of 1st overtime period - Deke by J.T. Miller.
5:00 of 1st overtime period - Goal by J.T. Miller.
5:00 of 1st overtime period - Penalty Shot by Nick Cousins for Americans.
5:00 of 1st overtime period - Snap shot by Nick Cousins.
5:00 of 1st overtime period - Stopped by Yann Danis.